NCAA
SAINT JOHN'S RED STORM @ KANSAS STATE WILDCATS
04/28/2025
 
TOP OF THE 1ST
Saint John's Red Storm batting - Pitching for Kansas State Wildcats : LHP Timothy Martin
Pitching: LHP Timothy Martin
Batting: LHB Félix Costa 0-0: Ball
1-0: Called Strike
1-1: Called Strike
1-2: Foul Ball, location: 2F
1-2: Ball
2-2: Ball
3-2: Foul Ball, location: 2F
3-2: Base on Balls
Batting: SHB Frank Kennedy 0-0: Ball
1-0: Ball
2-0: Ball
3-0: Base on Balls
Félix Costa to second
Batting: LHB António Velásquez 0-0: Ball
1-0: Called Strike
1-1: Foul Ball, location: 2F
1-2: Foul Ball, location: 2F
1-2: DOUBLE (Line Drive, 78M)
Félix Costa scores
Frank Kennedy to third
Batting: RHB Ed Merritt 0-0: Ball
1-0: Swinging Strike
1-1: Foul Ball, location: 2F
1-2: Strikes out swinging
Batting: RHB Miguel Hernández 0-0: Called Strike
0-1: Ball
1-1: Ball
2-1: Foul Ball, location: 2F
2-2: Ball
3-2: Foul Ball, location: 2F
3-2: Base on Balls
Batting: RHB Jeffery Evans 0-0: Foul Ball, location: 2F
0-1: Ball
1-1: Ball
2-1: Swinging Strike
2-2: Ball
3-2: Foul Ball, location: 2F
3-2: Fly out, F9 (Flyball, 89M)
Batting: RHB José Maldonado 0-0: Called Strike
0-1: Ground out 6-3 (Groundball, 6)
Top of the 1st over - 1 run(s), 1 hit(s), 0 error(s), 3 left on base; Saint John's 1 - Kansas State 0
BOTTOM OF THE 1ST
Kansas State Wildcats batting - Pitching for Saint John's Red Storm : RHP Dan Snyder
Pitching: RHP Dan Snyder
Batting: SHB Gus Rainbolt 0-0: Ball
1-0: Foul Ball, location: 2F
1-1: Called Strike
1-2: Ball
2-2: Foul Ball, location: 2F
2-2: TRIPLE (Line Drive, 78M)
Batting: RHB Javier Sánchez 0-0: SINGLE (Line Drive, 34D)
Gus Rainbolt scores
Batting: LHB Juan Cuervo 0-0: Fielders Choice at 2nd, 4-6 (Groundball, 4)
Batting: LHB José Rodríguez 0-0: Ball
1-0: Ball
2-0: Ball
3-0: Called Strike
3-1: Swinging Strike
3-2: Strikes out swinging
Batting: RHB Bobby Hinkle 0-0: Ball
1-0: Called Strike
1-1: Swinging Strike
1-2: Ball
Throwing error on steal attempt, E2
Juan Cuervo to third
2-2: TRIPLE (Flyball, 7M)
Juan Cuervo scores
Batting: RHB Salvador Castro 0-0: Ball
1-0: Foul Ball, location: 2F
1-1: Ball
2-1: Ball
3-1: Base on Balls
Batting: RHB Steve Ashe 0-0: Ball
1-0: Called Strike
Pickoff Throw to First - Error! E1
Bobby Hinkle scores
Salvador Castro to second
1-1: Ball
2-1: Foul Ball, location: 2F
2-2: Ball
3-2: Fly out, F7 (Flyball, 78M)
Bottom of the 1st over - 3 run(s), 3 hit(s), 2 error(s), 1 left on base; Saint John's 1 - Kansas State 3
TOP OF THE 2ND
Saint John's Red Storm batting - Pitching for Kansas State Wildcats : LHP Timothy Martin
Batting: RHB Nick Crosby 0-0: Ball
1-0: Foul Ball, location: 2F
1-1: Foul Ball, location: 2F
1-2: Fly out, F9 (Flyball, 9M)
Batting: SHB Ray O'Dell 0-0: Swinging Strike
0-1: Bunted foul
0-2: Ball
1-2: Strikes out swinging
Batting: LHB Félix Costa 0-0: Ground out 4-3 (Groundball, 4)
Top of the 2nd over - 0 run(s), 0 hit(s), 0 error(s), 0 left on base; Saint John's 1 - Kansas State 3
BOTTOM OF THE 2ND
Kansas State Wildcats batting - Pitching for Saint John's Red Storm : RHP Dan Snyder
Batting: RHB David MacKinney 0-0: Called Strike
0-1: Foul Ball, location: 2F
0-2: Ball
1-2: Ball
2-2: Strikes out swinging
Batting: RHB Leslie Kennedy 0-0: Ball
1-0: Ball
2-0: Called Strike
2-1: Ground out 5-3 (Groundball, 5)
Batting: SHB Gus Rainbolt 0-0: Swinging Strike
0-1: Ground out 5-3 (Groundball, 56)
Bottom of the 2nd over - 0 run(s), 0 hit(s), 0 error(s), 0 left on base; Saint John's 1 - Kansas State 3
TOP OF THE 3RD
Saint John's Red Storm batting - Pitching for Kansas State Wildcats : LHP Timothy Martin
Batting: SHB Frank Kennedy 0-0: Foul Ball, location: 2F
0-1: Fly out, F9 (Line Drive, 89M)
Batting: LHB António Velásquez 0-0: Fly out, F9 (Line Drive, 9M)
Batting: RHB Ed Merritt 0-0: Called Strike
0-1: Called Strike
0-2: Foul Ball, location: 2F
0-2: Foul Ball, location: 2F
0-2: Ball
1-2: Strikes out swinging
Top of the 3rd over - 0 run(s), 0 hit(s), 0 error(s), 0 left on base; Saint John's 1 - Kansas State 3
BOTTOM OF THE 3RD
Kansas State Wildcats batting - Pitching for Saint John's Red Storm : RHP Dan Snyder
Batting: RHB Javier Sánchez 0-0: Ball
1-0: Foul Ball, location: 2F
1-1: Called Strike
1-2: Foul Ball, location: 2F
1-2: Strikes out swinging
Batting: LHB Juan Cuervo 0-0: Called Strike
0-1: Ball
1-1: SINGLE (Flyball, 8RS)
Batting: LHB José Rodríguez 0-0: Ball
1-0: Fly out, F9 (Line Drive, 9D)
Batting: RHB Bobby Hinkle 0-0: Ball
Juan Cuervo is caught stealing 2nd base
Bottom of the 3rd over - 0 run(s), 1 hit(s), 0 error(s), 0 left on base; Saint John's 1 - Kansas State 3
TOP OF THE 4TH
Saint John's Red Storm batting - Pitching for Kansas State Wildcats : LHP Timothy Martin
Batting: RHB Miguel Hernández 0-0: Ball
1-0: Ground out 4-3 (Groundball, 4)
Batting: RHB Jeffery Evans 0-0: Called Strike
0-1: Swinging Strike
0-2: Strikes out swinging
Batting: RHB José Maldonado 0-0: Foul Ball, location: 2F
0-1: Called Strike
0-2: Strikes out swinging
Top of the 4th over - 0 run(s), 0 hit(s), 0 error(s), 0 left on base; Saint John's 1 - Kansas State 3
BOTTOM OF THE 4TH
Kansas State Wildcats batting - Pitching for Saint John's Red Storm : RHP Dan Snyder
Batting: RHB Bobby Hinkle 0-0: Called Strike
0-1: Swinging Strike
0-2: Foul Ball, location: 2F
0-2: Ball
1-2: Ball
2-2: Ball
3-2: Foul Ball, location: 2F
3-2: Foul Ball, location: 2F
3-2: Foul Ball, location: 2F
3-2: Strikes out swinging
Batting: RHB Salvador Castro 0-0: DOUBLE (Line Drive, 89S)
Batting: RHB Steve Ashe 0-0: Foul Ball, location: 2F
0-1: Foul Ball, location: 2F
0-2: Ball
1-2: Ball
2-2: Strikes out swinging
Batting: RHB David MacKinney 0-0: Foul Ball, location: 2F
0-1: Ball
1-1: SINGLE (Groundball, 5D)
Salvador Castro to third
Batting: RHB Leslie Kennedy 0-0: Called Strike
0-1: Ball
1-1: Ball
2-1: Ball
3-1: Ground out 6-3 (Groundball, 6)
Bottom of the 4th over - 0 run(s), 2 hit(s), 0 error(s), 2 left on base; Saint John's 1 - Kansas State 3
TOP OF THE 5TH
Saint John's Red Storm batting - Pitching for Kansas State Wildcats : LHP Timothy Martin
Batting: RHB Nick Crosby 0-0: Ball
1-0: Ball
2-0: Foul Ball, location: 2F
2-1: Swinging Strike
2-2: Ball
3-2: Foul Ball, location: 2F
3-2: Foul Ball, location: 2F
3-2: Base on Balls
Batting: SHB Ray O'Dell 0-0: Swinging Strike
0-1: Fielders Choice at 2nd, 6-4 (Groundball, 6M)
Batting: LHB Félix Costa 0-0: Ball
1-0: Ball
2-0: Ground out 4-3 (Groundball, 4M)
Ray O'Dell to second
Batting: SHB Frank Kennedy 0-0: Ball
1-0: Swinging Strike
1-1: Swinging Strike
1-2: Strikes out swinging
Top of the 5th over - 0 run(s), 0 hit(s), 0 error(s), 1 left on base; Saint John's 1 - Kansas State 3
BOTTOM OF THE 5TH
Kansas State Wildcats batting - Pitching for Saint John's Red Storm : RHP Dan Snyder
Batting: SHB Gus Rainbolt 0-0: Ball
1-0: Fly out, F7 (Flyball, 7S)
Batting: RHB Javier Sánchez 0-0: Ball
1-0: Ball
2-0: Ball
3-0: Base on Balls
Pitching: RHP Rudy Fuller
Batting: LHB Juan Cuervo 0-0: SINGLE (Line Drive, 6MD)
Javier Sánchez to second
Batting: LHB José Rodríguez 0-0: Fly out, F9 (Flyball, 9S)
Batting: RHB Bobby Hinkle 0-0: Foul Ball, location: 2F
0-1: Ball
1-1: Swinging Strike
1-2: Strikes out looking
Bottom of the 5th over - 0 run(s), 1 hit(s), 0 error(s), 2 left on base; Saint John's 1 - Kansas State 3
TOP OF THE 6TH
Saint John's Red Storm batting - Pitching for Kansas State Wildcats : LHP Timothy Martin
Pitching: RHP Miguel López
Batting: LHB António Velásquez 0-0: Ball
1-0: Called Strike
1-1: Swinging Strike
1-2: Ball
2-2: Ground out 4-3 (Groundball, 34)
Batting: RHB Ed Merritt 0-0: Called Strike
0-1: Ball
1-1: Swinging Strike
1-2: Strikes out swinging
Batting: RHB Miguel Hernández 0-0: Called Strike
0-1: Ball
1-1: Ball
2-1: Swinging Strike
2-2: Strikes out looking
Top of the 6th over - 0 run(s), 0 hit(s), 0 error(s), 0 left on base; Saint John's 1 - Kansas State 3
BOTTOM OF THE 6TH
Kansas State Wildcats batting - Pitching for Saint John's Red Storm : RHP Rudy Fuller
Batting: RHB Salvador Castro 0-0: Ball
1-0: Ball
2-0: SOLO HOME RUN (Flyball, 8LXD), Distance : 405 ft
Batting: RHB Steve Ashe 0-0: Swinging Strike
0-1: Ball
1-1: Ball
2-1: Called Strike
2-2: Foul Ball, location: 2F
2-2: SINGLE (Line Drive, 56D)
Batting: RHB David MacKinney 0-0: Called Strike
0-1: SINGLE (Line Drive, 56D)
Steve Ashe to second
Batting: RHB Leslie Kennedy 0-0: Called Strike
0-1: Ball
1-1: Fly out, F7 (Flyball, 7M)
Batting: SHB Gus Rainbolt 0-0: Called Strike
0-1: Ball
Wild Pitch!
Steve Ashe to third
David MacKinney to second
1-1: Called Strike
1-2: Strikes out swinging
Batting: RHB Javier Sánchez 0-0: Ball
1-0: Ball
2-0: 3-RUN HOME RUN (Line Drive, 8LXD), Distance : 405 ft
Pitching: RHP Gilberto Tolcunaga
Batting: LHB Juan Cuervo 0-0: Foul Ball, location: 2F
0-1: DOUBLE (Line Drive, 89S)
Batting: LHB José Rodríguez 0-0: Called Strike
0-1: Ball
1-1: DOUBLE (Flyball, 78M)
Juan Cuervo scores
Batting: RHB Bobby Hinkle 0-0: Ground out 4-3 (Groundball, 13)
Bottom of the 6th over - 5 run(s), 6 hit(s), 0 error(s), 1 left on base; Saint John's 1 - Kansas State 8
TOP OF THE 7TH
Saint John's Red Storm batting - Pitching for Kansas State Wildcats : RHP Miguel López
Batting: RHB Jeffery Evans 0-0: Ball
1-0: Bunt for hit - play at first, batter OUT! 5-3
Batting: RHB José Maldonado 0-0: Ball
1-0: Foul Ball, location: 2F
1-1: DOUBLE (Line Drive, 8RD)
Batting: RHB Nick Crosby 0-0: Ball
1-0: Ball
2-0: DOUBLE (Flyball, 9LS)
José Maldonado scores
Batting: SHB Ray O'Dell 0-0: Foul Ball, location: 2F
0-1: SINGLE (Flyball, 89S)
Nick Crosby to third
Runner from 3rd tries for Home, SAFE, no throw or cutoff
Batting: LHB Félix Costa 0-0: Ball
Ray O'Dell steals 2nd base
1-0: Fly out, F6 (Popup, 56D)
Batting: SHB Frank Kennedy 0-0: Ball
1-0: Foul Ball, location: 2F
1-1: Ground out U3 (Groundball, 3L)
Top of the 7th over - 2 run(s), 3 hit(s), 0 error(s), 1 left on base; Saint John's 3 - Kansas State 8
BOTTOM OF THE 7TH
Kansas State Wildcats batting - Pitching for Saint John's Red Storm : RHP Gilberto Tolcunaga
Batting: RHB Salvador Castro 0-0: Foul Ball, location: 2F
0-1: DOUBLE (Flyball, 89D)
Batting: RHB Steve Ashe 0-0: 2-RUN HOME RUN (Line Drive, 78XD), Distance : 391 ft
Batting: RHB David MacKinney 0-0: Swinging Strike
0-1: SINGLE (Line Drive, 6MD)
Batting: RHB Leslie Kennedy 0-0: Ball
1-0: Bunt missed!
1-1: Sac Bunt - play at first, batter OUT! 1-4
David MacKinney to second
Batting: SHB Gus Rainbolt 0-0: Ball
1-0: Ball
2-0: Ball
3-0: Called Strike
3-1: Swinging Strike
3-2: Foul Ball, location: 2F
3-2: Base on Balls
Batting: RHB Javier Sánchez 0-0: Fly out, F9 (Popup, 9S)
Batting: LHB Juan Cuervo 0-0: Ball
1-0: Ball
2-0: Ball
3-0: Called Strike
3-1: Base on Balls
David MacKinney to third
Gus Rainbolt to second
Batting: LHB José Rodríguez 0-0: Ball
1-0: Ball
2-0: SINGLE (Line Drive, 89S)
David MacKinney scores
Gus Rainbolt to third
Juan Cuervo to second
Pitching: RHP César Valdés
Batting: RHB Bobby Hinkle 0-0: Ball
1-0: Foul Ball, location: 2F
1-1: Called Strike
1-2: Strikes out swinging
Bottom of the 7th over - 3 run(s), 4 hit(s), 0 error(s), 3 left on base; Saint John's 3 - Kansas State 11
TOP OF THE 8TH
Saint John's Red Storm batting - Pitching for Kansas State Wildcats : RHP Miguel López
Pitching: RHP Mike Campbell
Batting: LHB António Velásquez 0-0: Ball
1-0: Fly out, F7 (Flyball, 78M)
Batting: RHB Ed Merritt 0-0: Ball
1-0: Called Strike
1-1: Ball
2-1: Ball
3-1: Base on Balls
Batting: RHB Miguel Hernández 0-0: Called Strike
0-1: Called Strike
0-2: 2-RUN HOME RUN (Flyball, 7D), Distance : 344 ft
Batting: RHB Jeffery Evans 0-0: Called Strike
0-1: Called Strike
0-2: Ball
1-2: Foul Ball, location: 2F
1-2: Strikes out swinging
Batting: RHB José Maldonado 0-0: Ball
1-0: Foul Ball, location: 2F
1-1: Ball
2-1: Ground out 4-3 (Groundball, 4M)
Top of the 8th over - 2 run(s), 1 hit(s), 0 error(s), 0 left on base; Saint John's 5 - Kansas State 11
BOTTOM OF THE 8TH
Kansas State Wildcats batting - Pitching for Saint John's Red Storm : RHP César Valdés
Batting: RHB Salvador Castro 0-0: Ball
1-0: SOLO HOME RUN (Flyball, 7LD), Distance : 336 ft
Batting: RHB Steve Ashe 0-0: Called Strike
0-1: Called Strike
0-2: Ball
1-2: Ground out 6-3 (Groundball, 6)
Batting: RHB David MacKinney 0-0: Called Strike
0-1: Called Strike
0-2: Strikes out looking
Batting: RHB Leslie Kennedy 0-0: Ball
1-0: Swinging Strike
1-1: Called Strike
1-2: Ball
2-2: Strikes out swinging
Bottom of the 8th over - 1 run(s), 1 hit(s), 0 error(s), 0 left on base; Saint John's 5 - Kansas State 12
TOP OF THE 9TH
Saint John's Red Storm batting - Pitching for Kansas State Wildcats : RHP Mike Campbell
Batting: RHB Nick Crosby 0-0: SINGLE (Flyball, 8LS)
Batting: SHB Ray O'Dell 0-0: Ball
1-0: Foul Ball, location: 2F
1-1: Ball
2-1: Fly out, F7 (Flyball, 7LM)
Batting: LHB Félix Costa 0-0: Swinging Strike
0-1: Ball
1-1: Ball
2-1: Foul Ball, location: 2F
2-2: Ball
3-2: Base on Balls
Nick Crosby to second
Batting: SHB Frank Kennedy 0-0: Called Strike
0-1: Fielders Choice at 2nd, 1-4 (Groundball, 13)
Nick Crosby to third
Batting: LHB António Velásquez 0-0: Fly out, F5 (Popup, 5SF)
Top of the 9th over - 0 run(s), 1 hit(s), 0 error(s), 2 left on base; Saint John's 5 - Kansas State 12
This league is powered by Out of the Park Baseball, the baseball management simulation game for PC, Mac and Linux
Tuesday, August 2nd, 2016 - OOTP Baseball 16.8 Build 38